 Dungeon Crawl Stone Soup version 0.17-a0-1655-g88a8506 (webtiles) character file.

73 karlkraus the Shield-Bearer (level 4, -10/40 HPs)
             Began as a Minotaur Fighter on Aug 15, 2015.
             Mangled by an ogre
             ... wielding a +0 giant spiked club
              (16 damage)
             ... on level 4 of the Dungeon.
             The game lasted 00:03:37 (2075 turns).

karlkraus the Shield-Bearer (Minotaur Fighter)      Turns: 2075, Time: 00:03:37

Health: -10/40     AC: 10    Str: 21    XL:     4   Next: 8%
Magic:  3/3        EV:  7    Int:  5    God:
Gold:   146        SH:  9    Dex: 10    Spells: 0 memorised, 3 levels left

rFire  . . .     SeeInvis .     a - +0 flail
rCold  . . .     Clarity  .     b - +0 scale mail
rNeg   . . .     SustAt   .     c - +0 shield
rPois  .         Gourm    .     (helmet restricted)
rElec  .         Spirit   .     u - +1 cloak
rCorr  .         Warding  .     q - +0 pair of gloves
rMut   .         Stasis   .     (no boots)
MR     .....                    (no amulet)
Stlth  ..........               (no ring)
                                (no ring)

@: not resistant to hostile enchantments, extremely unstealthy
A: retaliatory headbutt, horns 2
a: no special abilities


You were on level 4 of the Dungeon.
You were hungry.

You visited 1 branch of the dungeon, and saw 4 of its levels.

You collected 146 gold pieces.

Inventory:

Hand weapons
 a - a +0 flail (weapon)
Armour
 b - a +0 scale mail (worn)
 c - a +0 shield (worn)
 q - a +0 pair of gloves (worn)
 u - a +1 cloak (worn)
Jewellery
 l - a +2 ring of protection {unknown}
 o - a +4 ring of slaying {unknown}
 t - an uncursed amulet of warding {unknown}
Scrolls
 f - 5 scrolls of identify {unknown}
 g - a scroll of amnesia {unknown}
 i - 2 scrolls of fear {unknown}
 j - 3 scrolls of remove curse {unknown}
 k - 2 scrolls of teleportation {unknown}
 m - a scroll of enchant armour {unknown}
 n - 2 scrolls of noise {unknown}
 r - 2 scrolls of fog {unknown}
Potions
 d - 3 potions of might
 p - a potion of heal wounds {unknown}
 s - a potion of poison {unknown}
 v - a potion of berserk rage {unknown}
 w - a potion of lignification {unknown}
 x - a potion of cancellation {unknown}
Comestibles
 e - 3 bread rations
 h - 5 fruits


   Skills:
 + Level 4.2 Fighting
 + Level 2.8 Maces & Flails
 + Level 4.4 Armour
 + Level 0.4 Dodging
 + Level 0.1 Stealth
 + Level 4.5 Shields


You had 3 spell levels left.
You didn't know any spells.

Dungeon Overview and Level Annotations

Branches:
Dungeon (4/15)
 Temple: D:4-7

Altars:


Innate Abilities, Weirdness & Mutations

You reflexively headbutt those who attack you in melee.
You have a pair of horns on your head.


Message History

You block the giant newt's attack.
You hit the ogre but do no damage.
The ogre is moderately wounded.
You block the ogre's attack. The giant newt barely misses you.
You furiously retaliate!
You headbutt the giant newt. The giant newt bites you.
Your shield prevents you from hitting the giant newt.
You headbutt the giant newt.
You kill the giant newt!
The ogre hits you with a giant spiked club!!
* * * LOW HITPOINT WARNING * * *
You are too injured to fight recklessly!
You are too injured to fight recklessly!
You are too injured to fight recklessly!
You sock the ogre! Your headbutt misses the ogre.
The ogre is heavily wounded.
The ogre barely misses you. You furiously retaliate!
You headbutt the ogre. You completely miss the ogre.
The ogre is heavily wounded.
The ogre hits you with a giant spiked club!
You die...

## .## ..##
...######
##........ ..#
#......... ...##
###.†O....#
.....###...@....#
..........##...#
.##.......## ..#
.........## ..#
.........## ..#
..........# ..
########..## .
#...# #...#


You could see an ogre.

Vanquished Creatures
  3 adders
  An ooze (D:1)
  A worm (D:3)
  A giant gecko (D:1)
  An orc (D:3)
  7 bats
  3 giant cockroaches
  7 goblins
  5 hobgoblins
  A quokka (D:3)
  3 giant newts
  6 kobolds
39 creatures vanquished.

Notes
Turn   | Place    | Note
--------------------------------------------------------------
     0 | D:1      | karlkraus the Minotaur Fighter began the quest for the Orb.
     0 | D:1      | Reached XP level 1. HP: 19/19 MP: 0/0
   338 | D:1      | Reached XP level 2. HP: 24/27 MP: 1/1
   403 | D:1      | Reached skill level 4 in Shields
   962 | D:2      | Reached XP level 3. HP: 30/33 MP: 2/2
  1756 | D:3      | Reached XP level 4. HP: 40/40 MP: 3/3
  2066 | D:4      | Noticed an ogre
  2075 | D:4      | Mangled by an ogre

Vault maps used:
D:1:      onia_arrival_pentagram, minivault_5
D:2:      serial_park_tiny_1
D:3:      first_bread, uniq_crazy_yiuf_cottage
D:4:      gup_sewer_entry_pipe

Action                   |  1- 3 |  4- 6 || total
-------------------------+-------+-------++-------
Melee: Flail             |    96 |    11 ||   107
  Eat: Chunk             |     1 |     1 ||     2
       Fruit             |       |     1 ||     1
